[ AOE2 MATCH · #485438144 ]
1v1 RMJapanese vs Persians
Player's team · LOSS
Rival team · WIN
[ REPLAY ANALYSIS · EXTRACTED FROM THE RECORDED GAME ]
Feudal
12:16
Castle
16:11
Imperial
—
| APM avg | 28.4 |
| APM peak | 54 |
| eAPM avg | 14.9 |
| Villagers / military | 82 / 22 |
Focus
⚔️ 21.7% · 🌾 78.3%
Archer ×15 · Fishing Ship ×4 · Monk ×2 · Galley ×1 · Spearman ×1 · Fire Galley ×1
Feudal
11:18
Castle
15:40
Imperial
—
| APM avg | 35.2 |
| APM peak | 60 |
| eAPM avg | 23.0 |
| Villagers / military | 115 / 24 |
Focus
⚔️ 25.4% · 🌾 74.6%
Knight ×13 · Fishing Ship ×9 · Mangonel ×3 · Fire Galley ×3 · Battering Ram ×3 · Unknown (2626) ×2
Match map
Initial resources + every placement click. Lines = walls · curves = elevation contours. ◆ gold · ⬟ stone · ● berries · ✦ relic · ◌ wall gap
Your base· ✓ Map-separated
Nick122166's base· ✓ Map-separated
Smoothed initial terrain · ◌ = detected wall gap · hover for details
Inputs per minute
— stighef - - Nick122166
Build order — stighef
First 150 of 204 actions detected
| 0:01 | Create | Villager (Male) |
| 0:01 | Create | Villager (Male) |
| 0:02 | Build | House |
| 0:04 | Build | House |
| 0:42 | Create | Villager (Male) |
| 0:42 | Create | Villager (Male) |
| 1:38 | Create | Villager (Male) |
| 1:38 | Create | Villager (Male) |
| 1:47 | Build | Lumber Camp |
| 2:05 | Create | Villager (Male) |
| 2:06 | Create | Villager (Male) |
| 2:36 | Create | Villager (Male) |
| 2:36 | Create | Villager (Male) |
| 3:05 | Create | Villager (Male) |
| 3:05 | Create | Villager (Male) |
| 3:12 | Create | Villager (Male) |
| 3:51 | Create | Villager (Male) |
| 3:51 | Create | Villager (Male) |
| 4:06 | Create | Villager (Male) |
| 4:12 | Build | Dock |
| 4:25 | Create | Villager (Male) |
| 4:55 | Create | Villager (Male) |
| 5:01 | Create | Fishing Ship |
| 5:11 | Create | Villager (Male) |
| 5:54 | Create | Fishing Ship |
| 6:10 | Create | Villager (Male) |
| 6:10 | Create | Villager (Male) |
| 6:39 | Create | Fishing Ship |
| 6:45 | Build | Mill |
| 6:47 | Create | Villager (Male) |
| 7:28 | Create | Villager (Male) |
| 7:29 | Create | Villager (Male) |
| 8:22 | Create | Villager (Male) |
| 8:23 | Create | Villager (Male) |
| 8:36 | Create | Fishing Ship |
| 9:11 | Build | Mining Camp |
| 9:16 | Create | Villager (Male) |
| 9:41 | Create | Villager (Male) |
| 10:06 | Research | Feudal Age |
| 10:12 | Build | Barracks |
| 10:43 | Build | House |
| 11:31 | Create | Villager (Male) |
| 11:31 | Create | Villager (Male) |
| 12:08 | Build | Palisade Wall |
| 12:13 | Build | Palisade Wall |
| 12:16 | Build | Palisade Wall |
| 12:16 | Age | Feudal Age |
| 12:23 | Build | Archery Range |
| 12:28 | Build | Blacksmith |
| 12:31 | Research | Double-Bit Axe |
| 12:34 | Research | Loom |
| 13:02 | Research | Horse Collar |
| 13:10 | Build | Farm |
| 13:11 | Build | Farm |
| 13:12 | Build | Farm |
| 13:12 | Build | Farm |
| 13:17 | Research | Castle Age |
| 13:46 | Create | Villager (Male) |
| 13:50 | Build | Farm |
| 13:50 | Build | Farm |
| 13:50 | Build | Farm |
| 13:50 | Build | Farm |
| 13:50 | Build | Farm |
| 14:05 | Build | Farm |
| 14:25 | Research | Gold Mining |
| 14:26 | Create | Archer |
| 14:51 | Create | Villager (Male) |
| 15:20 | Create | Archer |
| 15:23 | Research | Fletching |
| 15:57 | Create | Archer |
| 16:11 | Age | Castle Age |
| 16:25 | Build | Town Center |
| 16:53 | Build | Town Center |
| 16:56 | Create | Villager (Male) |
| 17:03 | Build | House |
| 17:05 | Create | Archer |
| 17:17 | Build | House |
| 17:25 | Create | Villager (Male) |
| 17:29 | Create | Archer |
| 17:47 | Create | Villager (Male) |
| 17:47 | Create | Villager (Male) |
| 18:01 | Create | Villager (Male) |
| 18:03 | Create | Archer |
| 18:04 | Create | Archer |
| 18:08 | Create | Villager (Male) |
| 18:08 | Create | Villager (Male) |
| 18:12 | Build | Farm |
| 18:17 | Build | Farm |
| 18:22 | Create | Villager (Male) |
| 18:22 | Create | Villager (Male) |
| 18:49 | Create | Villager (Male) |
| 18:54 | Build | Monastery |
| 18:59 | Create | Villager (Male) |
| 19:07 | Research | Crossbowman (upgrade) |
| 19:17 | Build | Outpost |
| 19:22 | Build | Farm |
| 19:23 | Build | Farm |
| 19:27 | Build | Farm |
| 19:32 | Build | Farm |
| 19:33 | Create | Villager (Male) |
| 19:33 | Create | Villager (Male) |
| 19:45 | Create | Monk |
| 19:47 | Create | Villager (Male) |
| 20:04 | Create | Villager (Male) |
| 20:14 | Build | House |
| 20:34 | Create | Archer |
| 20:46 | Create | Galley |
| 21:00 | Create | Villager (Male) |
| 21:00 | Create | Villager (Male) |
| 21:08 | Create | Villager (Male) |
| 21:12 | Build | Outpost |
| 21:12 | Research | Town Watch |
| 21:22 | Create | Villager (Male) |
| 21:29 | Build | Farm |
| 21:29 | Build | Farm |
| 21:29 | Build | Farm |
| 21:29 | Build | Farm |
| 21:33 | Create | Villager (Male) |
| 21:44 | Create | Villager (Male) |
| 21:47 | Build | House |
| 21:51 | Build | House |
| 21:55 | Build | Lumber Camp |
| 22:10 | Build | University |
| 22:11 | Create | Villager (Male) |
| 22:11 | Create | Villager (Male) |
| 22:17 | Build | Outpost |
| 22:30 | Create | Villager (Male) |
| 22:30 | Create | Villager (Male) |
| 22:30 | Create | Villager (Male) |
| 22:30 | Create | Villager (Male) |
| 22:53 | Create | Archer |
| 23:01 | Build | Siege Workshop |
| 23:05 | Build | Siege Workshop |
| 23:10 | Create | Villager (Male) |
| 23:10 | Create | Villager (Male) |
| 23:10 | Create | Villager (Male) |
| 23:16 | Create | Villager (Male) |
| 23:17 | Create | Villager (Male) |
| 23:19 | Build | House |
| 23:21 | Build | Outpost |
| 23:43 | Build | Lumber Camp |
| 23:52 | Create | Archer |
| 23:53 | Create | Archer |
| 23:58 | Build | House |
| 24:03 | Build | Lumber Camp |
| 24:06 | Build | House |
| 24:27 | Create | Spearman |
| 24:28 | Create | Monk |
| 24:48 | Build | Farm |
| 24:54 | Build | Farm |
Build order — Nick122166
First 150 of 270 actions detected
| 0:00 | Create | Villager (Male) |
| 0:01 | Create | Villager (Male) |
| 0:01 | Create | Villager (Male) |
| 0:01 | Create | Villager (Male) |
| 0:04 | Build | House |
| 0:05 | Build | House |
| 0:14 | Create | Villager (Male) |
| 0:14 | Create | Villager (Male) |
| 1:21 | Create | Villager (Male) |
| 1:21 | Create | Villager (Male) |
| 1:46 | Build | Lumber Camp |
| 2:03 | Create | Villager (Male) |
| 2:03 | Create | Villager (Male) |
| 2:33 | Create | Villager (Male) |
| 2:55 | Create | Villager (Male) |
| 2:55 | Create | Villager (Male) |
| 3:26 | Create | Villager (Male) |
| 3:34 | Build | Dock |
| 3:55 | Create | Villager (Male) |
| 4:21 | Create | Fishing Ship |
| 4:24 | Build | Palisade Wall |
| 4:25 | Build | Palisade Wall |
| 4:28 | Create | Villager (Male) |
| 4:29 | Create | Villager (Male) |
| 5:03 | Create | Villager (Male) |
| 5:13 | Create | Fishing Ship |
| 5:36 | Create | Villager (Male) |
| 5:36 | Create | Villager (Male) |
| 5:39 | Create | Villager (Male) |
| 5:42 | Create | Fishing Ship |
| 5:54 | Create | Villager (Male) |
| 6:23 | Create | Villager (Male) |
| 6:43 | Create | Villager (Male) |
| 6:57 | Create | Fishing Ship |
| 6:58 | Create | Villager (Male) |
| 7:10 | Create | Villager (Male) |
| 7:12 | Create | Fishing Ship |
| 7:35 | Build | House |
| 7:36 | Build | House |
| 7:40 | Build | House |
| 7:44 | Create | Villager (Male) |
| 7:47 | Build | Mill |
| 8:04 | Create | Fishing Ship |
| 8:20 | Research | Loom |
| 8:31 | Research | Feudal Age |
| 8:34 | Create | Fishing Ship |
| 9:27 | Create | Fishing Ship |
| 9:51 | Create | Villager (Male) |
| 9:51 | Create | Villager (Male) |
| 10:26 | Build | Mining Camp |
| 10:37 | Create | Fishing Ship |
| 10:39 | Create | Villager (Male) |
| 10:40 | Create | Villager (Male) |
| 11:14 | Build | Dock |
| 11:18 | Age | Feudal Age |
| 11:35 | Research | Double-Bit Axe |
| 11:57 | Build | Market |
| 12:10 | Research | Tech 906 |
| 12:10 | Research | Tech 906 |
| 12:23 | Research | Horse Collar |
| 12:29 | Build | Blacksmith |
| 12:34 | Create | Villager (Male) |
| 12:47 | Create | Demolition Raft |
| 12:56 | Create | Villager (Male) |
| 12:58 | Research | Horse Collar |
| 13:14 | Research | Castle Age |
| 14:05 | Build | House |
| 14:07 | Build | House |
| 14:15 | Create | Villager (Male) |
| 14:22 | Build | Farm |
| 14:24 | Research | Tech 906 |
| 14:26 | Build | Farm |
| 14:28 | Build | Farm |
| 14:30 | Build | Farm |
| 14:32 | Build | Farm |
| 14:34 | Build | Farm |
| 14:57 | Build | Farm |
| 15:08 | Build | Farm |
| 15:17 | Create | Villager (Male) |
| 15:20 | Create | Unit 2626 |
| 15:21 | Create | Unit 2626 |
| 15:32 | Create | Trade Cog |
| 15:33 | Create | Villager (Male) |
| 15:40 | Age | Castle Age |
| 15:47 | Build | Town Center |
| 16:04 | Create | Villager (Male) |
| 16:37 | Create | Villager (Male) |
| 16:48 | Create | Villager (Male) |
| 16:51 | Research | Bow Saw |
| 17:09 | Build | Monastery |
| 17:12 | Create | Villager (Male) |
| 17:12 | Create | Villager (Male) |
| 17:38 | Build | Town Center |
| 17:41 | Create | Villager (Male) |
| 18:03 | Create | Villager (Male) |
| 18:14 | Create | Monk |
| 18:15 | Create | Villager (Male) |
| 18:15 | Create | Villager (Male) |
| 18:31 | Create | Villager (Male) |
| 18:32 | Create | Villager (Male) |
| 18:40 | Build | Barracks |
| 18:46 | Build | Barracks |
| 18:49 | Create | Villager (Male) |
| 18:49 | Create | Villager (Male) |
| 18:50 | Create | Villager (Male) |
| 19:06 | Create | Villager (Male) |
| 19:06 | Create | Villager (Male) |
| 19:29 | Create | Villager (Male) |
| 19:29 | Create | Villager (Male) |
| 19:30 | Research | Wheelbarrow |
| 19:40 | Research | Heavy Plow |
| 19:40 | Research | Heavy Plow |
| 19:53 | Build | Siege Workshop |
| 19:57 | Build | Stable |
| 20:01 | Create | Villager (Male) |
| 20:01 | Create | Villager (Male) |
| 20:08 | Build | Farm |
| 20:10 | Build | Farm |
| 20:14 | Build | Farm |
| 20:15 | Build | Farm |
| 20:20 | Build | Lumber Camp |
| 20:32 | Create | Villager (Male) |
| 20:39 | Create | Villager (Male) |
| 20:39 | Create | Villager (Male) |
| 20:49 | Build | Farm |
| 20:49 | Build | Farm |
| 20:50 | Build | Farm |
| 20:50 | Build | Farm |
| 20:50 | Build | Farm |
| 20:50 | Build | Farm |
| 20:51 | Build | Farm |
| 20:51 | Build | Farm |
| 20:51 | Build | Farm |
| 20:52 | Build | Farm |
| 20:53 | Create | Villager (Male) |
| 20:53 | Create | Villager (Male) |
| 20:53 | Create | Villager (Male) |
| 21:05 | Build | House |
| 21:08 | Build | House |
| 21:11 | Research | Town Watch |
| 21:15 | Create | Villager (Male) |
| 21:24 | Build | House |
| 21:25 | Build | House |
| 21:35 | Build | Mill |
| 21:36 | Build | Farm |
| 21:38 | Build | Farm |
| 22:06 | Build | Farm |
| 22:09 | Build | House |
| 22:10 | Build | House |
| 22:15 | Create | Knight |
Match timeline
| 3:34 | Nick122166 · first_building Dock |
| 4:12 | stighef · first_building Dock |
| 4:24 | Nick122166 · wall_segment Palisade Wall x1 |
| 4:25 | Nick122166 · wall_segment Palisade Wall x1 |
| 10:12 | stighef · first_building Barracks |
| 11:18 | Nick122166 · age_up feudal |
| 12:08 | stighef · wall_segment Palisade Wall x1 |
| 12:13 | stighef · wall_segment Palisade Wall x1 |
| 12:16 | stighef · wall_segment Palisade Wall x1 |
| 12:16 | stighef · age_up feudal |
| 12:23 | stighef · first_building Archery Range |
| 13:12 | Nick122166 · first_market_sell 100 food |
| 15:40 | Nick122166 · age_up castle |
| 16:11 | stighef · age_up castle |
| 17:09 | Nick122166 · first_building Monastery |
| 17:20 | Nick122166 · first_market_buy 100 wood |
| 18:40 | Nick122166 · first_building Barracks |
| 18:54 | stighef · first_building Monastery |
| 19:53 | Nick122166 · first_building Siege Workshop |
| 19:57 | Nick122166 · first_building Stable |
| 23:01 | stighef · first_building Siege Workshop |
| 27:21 | stighef · wall_segment Palisade Wall x12 |
| 28:54 | stighef · first_building Castle |
| 30:37 | stighef · resign |
[ AI ANALYSIS · 1 CREDIT ]
What really happened in this match?
Wolo.gg analyzes every decision: build order, eco, micro, common mistakes by bracket. Personalized analysis on WhatsApp or Discord in 30 seconds.
Civ guide
Japanese
Map guide
MegaRandom
Perfil
Jugador #1037709